Map: Ephemeron LE

Players

Caerwyn - Winner!

  • Race: Terran Terran
  • Spawn Location: 11:00

BoO

  • Race: Zerg Zerg
  • Spawn Location: 5:00

VOD

Have the link to the VOD?

Description

Time

  • Played on: Sept. 6, 2019, 2:57 p.m.
  • Length: 13:44
Show
View Real Time Build Order
Export as new Build Order

Caerwyn Terran - Winner!

Build Orders: Liberator Opening, Reaper Expand 

Get SALT Encoding   

  12  0:00  SCV  
  13  0:13  SCV  
  14  0:17  Supply Depot  
  14  0:25  SCV  
  15  0:38  SCV  
  15  0:40  Barracks  
  16  0:44  Refinery  
  16  0:51  SCV  
  17  1:03  SCV  
  18  1:15  SCV  
  19  1:27  Reaper  
  19  1:29  Orbital Command  
  19  1:31  Refinery  
  20  1:33  Supply Depot  
  20  1:56  SCV  
  21  2:03  Bunker  
  21  2:04  Factory  
  21  2:07  Marine  
  22  2:12  SCV  
  23  2:23  Supply Depot  
  23  2:24  SCV  
  23  2:25  Marine  
  24  2:38  SCV  
  25  2:47  Marine  
  25  2:48  Factory Tech Lab  
  25  2:50  SCV  
  27  2:51  Starport  
  27  3:02  SCV  
  28  3:07  Marine, Siege Tank  
  32  3:14  SCV  
  33  3:22  Supply Depot  
  33  3:32  Bunker  
  32  3:46  Liberator  
  29  3:59  Siege Tank  
  29  4:05  Marine  
  20  4:15  SCV  
  18  4:23  Marine  
  19  4:29  SCV  
  16  4:55  Marine  
  17  5:09  Command Center  
  17  5:19  Barracks Reactor  
  17  5:20  SCV  
  18  5:34  SCV  
  19  5:55  SCV  
  20  5:58  Marine x2  
  22  6:08  Banshee  
  22  6:09  Bunker  
  25  6:11  SCV  
  25  6:17  Marine x2  
  28  6:25  Orbital Command  
  28  6:26  SCV  
  29  6:40  Cloaking Field  
  29  6:44  SCV  
  30  6:52  Orbital Command  
  30  6:58  SCV  
  31  7:05  Supply Depot  
  31  7:06  Hellion x2  
  35  7:10  SCV  
  36  7:16  Banshee  
  36  7:20  SCV  
  40  7:28  SCV  
  41  7:43  SCV x2, Hellion x2  
  47  7:55  SCV  
  47  7:57  SCV  
  46  7:59  Banshee  
  49  8:07  SCV  
  49  8:09  SCV  
  49  8:10  Supply Depot  
  51  8:16  Hellion  
  51  8:19  SCV  
  54  8:32  SCV x2, Hellion  
  58  8:39  Hellion  
  57  8:42  Banshee  
  57  8:44  SCV x2  
  62  9:01  Command Center  
  62  9:03  Engineering Bay  
  62  9:09  Barracks  
  62  9:13  Barracks, Supply Depot  
  62  9:24  Marine x2, SCV x2  
  62  9:25  Factory Tech Lab  
  66  9:35  Missile Turret  
  66  9:36  SCV x2, Missile Turret  
  68  9:40  Starport Reactor  
  68  9:43  Marine x2, Missile Turret  
  70  9:48  Siege Tank, SCV x2  
  75  9:53  Terran Infantry Weapons Level 1  
  75  10:01  SCV x2  
  75  10:02  Barracks Tech Lab  
  75  10:04  Marine  
  78  10:16  Refinery  
  78  10:17  Refinery  
  78  10:18  Stimpack, Supply Depot  
  78  10:19  Marine x2  
  80  10:31  Marine x2  
  80  10:32  Siege Tank  
  85  10:38  Marine, Medivac  
  85  10:39  Marine  
  85  10:40  Medivac  
  87  10:49  Marine  
  88  10:51  Supply Depot  
  82  11:03  Marine x3  
  81  11:06  SCV x2  
  81  11:07  Marine  
  78  11:13  Combat Shield  
  78  11:18  Siege Tank  
  81  11:21  Marine x2  
  81  11:22  Marine  
  84  11:25  Marine  
  84  11:28  SCV  
  84  11:32  Medivac x2  
  88  11:39  Marine x2  
  92  11:52  Command Center  
  92  11:58  Marine x4  
  96  12:05  Siege Tank  
  96  12:07  Medivac x2  
  100  12:15  Marine x2  
  100  12:20  Barracks  
  100  12:22  Barracks  
  102  12:26  Marine x2  
  102  12:27  SCV x2  
  106  12:36  Marine x2  
  108  12:59  Marine x2  
  108  13:03  Marine x2  
  108  13:04  Siege Tank  
  115  13:09  Orbital Command  
  115  13:11  Supply Depot  
  115  13:12  Supply Depot  
  115  13:14  Supply Depot  
  115  13:17  Marine x2  
  116  13:23  Marine x2  
Show
View Real Time Build Order
Export as new Build Order

BoO Zerg 

Build Orders: Pool First, Ravager All-In 

Get SALT Encoding   

  12  0:01  Drone  
  13  0:08  Drone  
  14  0:26  Spawning Pool  
  13  0:29  Drone  
  13  0:33  Extractor  
  13  0:36  Drone  
  14  0:45  Overlord  
  14  0:53  Extractor  
  13  0:59  Drone  
  14  1:14  Zergling x4  
  16  1:20  Roach Warren  
  15  1:26  Overlord  
  15  2:02  Roach x3  
  21  2:18  Roach  
  23  2:23  Ravager x3  
  27  2:30  Roach  
  26  2:40  Ravager  
  27  2:47  Overlord  
  27  2:59  Roach  
  27  3:03  Ravager  
  30  3:14  Roach  
  32  3:31  Roach  
  35  3:34  Ravager  
  34  3:51  Roach  
  24  4:11  Drone x2  
  26  4:18  Ravager  
  27  4:25  Drone  
  28  4:35  Ravager  
  23  4:48  Drone x3  
  23  4:54  Metabolic Boost  
  23  5:04  Overlord  
  23  5:17  Hatchery  
  22  5:24  Drone  
  24  5:30  Ravager  
  22  5:46  Queen  
  23  6:02  Drone x2  
  25  6:10  Drone  
  26  6:22  Overlord  
  26  6:32  Queen  
  28  6:38  Drone x3  
  31  6:47  Lair  
  31  6:52  Drone  
  32  7:02  Drone x3  
  32  7:07  Drone  
  36  7:18  Overlord x2  
  36  7:25  Overlord  
  36  7:36  Spore Crawler  
  34  7:46  Overseer  
  33  8:04  Spire  
  32  8:06  Roach  
  35  8:12  Drone  
  35  8:13  Drone  
  35  8:16  Drone  
  37  8:25  Roach  
  39  8:30  Drone  
  39  8:31  Drone x2  
  42  8:38  Drone  
  42  8:39  Drone x2  
  45  8:44  Overlord  
  45  8:50  Roach  
  45  8:52  Roach  
  49  8:57  Drone, Extractor  
  49  8:58  Extractor  
  48  9:13  Overseer  
  48  9:20  Mutalisk  
  48  9:21  Mutalisk x3  
  56  9:24  Drone x3  
  56  9:30  Drone  
  60  9:36  Baneling Nest  
  59  9:40  Drone  
  59  9:42  Overlord  
  60  9:57  Overlord  
  60  10:02  Drone x3  
  60  10:03  Drone  
  63  10:17  Drone  
  63  10:18  Drone x5  
  45  11:06  Drone x6  
  45  11:07  Drone x5  
  45  11:09  Centrifical Hooks  
  55  11:17  Queen x2  
  59  11:21  Mutalisk x2  
  63  11:27  Hatchery  
  63  11:30  Zergling x4  
  64  11:41  Zergling x8  
  64  11:45  Ravager x3  
  71  11:53  Queen  
  73  11:58  Overseer  
  72  12:05  Drone x4  
  72  12:08  Pneumatized Carapace  
  76  12:16  Overlord x2  
  76  12:24  Evolution Chamber  
  76  12:25  Overlord x2, Evolution Chamber  
  74  12:33  Overlord x2  
  74  12:42  Baneling x5  
  74  12:43  Zergling x4  
  74  12:44  Zergling x4  
  77  12:48  Zergling x2  
  79  12:53  Zergling x2  
  79  12:54  Zergling x6  
  77  12:59  Zergling x2  
  77  13:03  Zergling x2  
  78  13:10  Zergling x4  
  78  13:11  Zergling x2  
  81  13:15  Baneling x2  
  81  13:16  Baneling  
  81  13:23  Zergling x10  
Tags
 
Add a new tag
Caveats
  • Supply blocks, unpowered buildings, or Contaminate may cause inaccurate times.
  • Supply counts are checked every 10 seconds.